 Dungeon Crawl Stone Soup version 0.27.1-1-g398f81649c (webtiles) character file.

Game seed: 17332925310777942917

36274 Descartes the Arsonist (level 13, -5/63 HPs)
             Began as a Deep Elf Wanderer on Sept 21, 2021.
             Was a High Priest of Vehumet.
             Incinerated by a deep elf pyromancer (9 damage)
             ... with a sticky flame
             ... on level 2 of the Orcish Mines.
             The game lasted 01:35:49 (25419 turns).

Descartes the Arsonist (Deep Elf Wanderer)         Turns: 25419, Time: 01:35:51

Health: -5/63      AC: 13    Str: 10    XL:     13   Next: 52%
Magic:  15/26      EV: 15    Int: 31    God:    Vehumet [*****.]
Gold:   1781       SH:  5    Dex: 15    Spells: 5/27 levels left

rFire    . . .     SeeInvis +   M - +5 long sword of Slow Death {venom, rPois rN+ Str+4}
rCold    . . .     Faith    .   y - +0 buckler
rNeg     + . .     Spirit   .   N - +0 steam dragon scales
rPois    +         Reflect  .   i - +0 hat
rElec    +         Harm     .   d - +2 cloak {Will+}
rCorr    .         Rampage  .   T - +0 pair of gloves
Will     +++..                  O - +1 pair of boots
Stlth    ++........             Z - amulet "Macwen" {rElec rPois Regen+ Int+6}
HPRegen  1.20/turn              Y - ring "Qauseyng" {+Blink rPois SInv}
MPRegen  0.20/turn              I - ring of willpower

@: on fire, glowing
A: iridescent scales 1, clever 1, weak 1
a: Renounce Religion, Evoke Blink


You were on level 2 of the Orcish Mines.
You worshipped Vehumet.
Vehumet was extremely pleased with you.
You visited 5 branches of the dungeon, and saw 21 of its levels.
You also visited: Sewer, Ossuary and Bailey.

You collected 2671 gold pieces.
You spent 890 gold pieces at shops.

Inventory:

Hand Weapons
 M - the +5 long sword of Slow Death (weapon) {venom, rPois rN+ Str+4}
   (You found it on level 3 of the Lair of Beasts)

   It poisons the flesh of those it strikes.
   Str:       It affects your strength (+4).
   rPois:     It protects you from poison.
   rN:        It protects you from negative energy.
Missiles
 p - 36 poisoned darts
 K - 11 throwing nets
 R - 2 boomerangs of dispersal
Armour
 d - a +2 cloak of willpower (worn)
 i - a +0 hat (worn)
 y - a +0 buckler (worn)
 N - +0 steam dragon scales (worn)
 O - a +1 pair of boots (worn)
 T - a +0 pair of gloves (worn)
Jewellery
 k - a ring of resist corrosion
 I - a ring of willpower (right hand)
 Y - the ring "Qauseyng" (left hand) {+Blink rPois SInv}
   (You acquired it on level 3 of the Lair of Beasts)

   [ring of see invisible]

   rPois:     It protects you from poison.
   SInv:      It lets you see invisible.
   +Blink:    It lets you blink.
 Z - the amulet "Macwen" (around neck) {rElec rPois Regen+ Int+6}
   (You bought it in a shop on level 7 of the Dungeon)

   [amulet of regeneration]

   Int:       It affects your intelligence (+6).
   rElec:     It insulates you from electricity.
   rPois:     It protects you from poison.
   Regen:     It increases your rate of health regeneration.
Wands
 b - a wand of flame (15)
 w - a wand of polymorph (9)
 x - a wand of paralysis (9)
 F - a wand of digging (3)
 H - a wand of acid (5)
 X - a wand of charming (16)
Scrolls
 f - 7 scrolls of teleportation
 h - 3 scrolls of holy word
 o - 2 scrolls of magic mapping
 s - 2 scrolls of immolation
 t - 6 scrolls of fear
 u - 4 scrolls of enchant weapon
 B - 2 scrolls of enchant armour
 C - 3 scrolls of blinking
 G - a scroll of brand weapon
 S - a scroll of silence
 V - 2 scrolls of amnesia
Potions
 a - a potion of resistance {unknown}
 c - 2 potions of lignification
 e - 2 potions of berserk rage {unknown}
 j - 6 potions of curing
 l - a potion of brilliance {unknown}
 m - 4 potions of cancellation
 q - 3 potions of mutation
 r - 4 potions of magic
 v - 3 potions of attraction
 z - 3 potions of haste {unknown}
 A - 3 potions of invisibility {unknown}
 D - 9 potions of might
 U - a potion of ambrosia {unknown}
 W - a potion of heal wounds
Miscellaneous
 n - a phial of floods (inert)
 E - a condenser vane
 P - a tin of tremorstones (2/2)
 Q - a box of beasts


   Skills:
 - Level 3.0 Short Blades
 - Level 1.0 Throwing
 + Level 7.6 Dodging
 + Level 8.2 Stealth
 * Level 3.3 Shields
 + Level 7.9 Spellcasting
 - Level 10.0 Conjurations
 - Level 5.0 Transmutations
 - Level 10.0 Fire Magic
 - Level 5.0 Ice Magic
 - Level 5.0 Air Magic
 * Level 9.9 Earth Magic
 - Level 10.0 Poison Magic
 + Level 6.3 Evocations


You had 5 spell levels left.
You knew the following spells:

 Your Spells              Type           Power      Damage    Failure   Level
a - Foxfire               Conj/Fire      100%       2x1d9     1%          1
b - Fireball              Conj/Fire      32%        3d14      1%          5
c - Iron Shot             Conj/Erth      32%        9d7       3%          6
d - Ignite Poison         Fire/Tmut/Pois 59%        N/A       1%          3
e - Olgreb's Toxic Radia  Pois           65%        N/A       1%          4
f - Sandblast             Erth           100%       2d20      1%          1
g - Poisonous Vapours     Pois/Air       100%       N/A       1%          2

Your spell library contained the following spells:

 Spells                   Type           Power      Damage    Failure   Level
 Yara's Violent Unravell  Hex/Tmut       13%        3d7       12%         5
 Magic Dart               Conj           100%       1d8       1%          1
 Sting                    Tmut/Pois      100%       1d8       1%          1
 Conjure Flame            Conj/Fire      65%        6-21      1%          3
 Inner Flame              Hex/Fire       43%        N/A       1%          3
 Mephitic Cloud           Conj/Pois/Air  59%        N/A       1%          3
 Sticky Flame             Conj/Fire      65%        2d8       1%          4
 Iskenderun's Battlesphe  Conj           65%        2d11      1%          5
 Corpse Rot               Necr/Air       N/A        N/A       2%          2
 Freezing Cloud           Conj/Ice/Air   26%        6-21      2%          5
 Call Imp                 Summ           12%        N/A       7%          2
 Portal Projectile        Hex/Tloc       24%        N/A       13%         3
 Blade Hands              Tmut           21%        N/A       16%         5
 Excruciating Wounds      Necr           6%         N/A       77%         5
 Spellforged Servitor     Conj/Summ      21%        N/A       71%         7


Dungeon Overview and Level Annotations

Branches:
Dungeon (13/15)            Temple (1/1) D:7            Lair (4/6) D:10
 Shoals (0/4) Lair:2          Orc (2/2) D:11            Elf (1/3) Orc:2
  Sewer (visited)         Ossuary (visited)          Bailey (visited)
  Snake: Lair:2-4    Spider: Lair:2-4    Vaults: D:13-14

Altars:
Ashenzari
Cheibriados
Dithmenos
Elyvilon
Fedhas
Gozag
Hepliaklqana
Kikubaaqudgha
Makhleb
Nemelex Xobeh
Okawaru
Qazlal
Ru
Sif Muna
Trog
Uskayaw
Vehumet
Wu Jian
Xom
Yredelemnul
Zin
The Shining One
Beogh

Shops:
D:7 =   Orc:1 *   Orc:2 ?=*!

Annotations:
Lair:3 2 transporters, Zurgh's ghost, journeyman OpAM


Innate Abilities, Weirdness & Mutations

You are partially covered in iridescent scales. (AC +2)
Your mind is acute. (Int +2)
You are weak. (Str -2)


Message History

Aiming: Fireball (dangerous; 1% risk of failure)
Press: ? - help, Shift-Dir - straight line, f - deep elf zephyrmancer
Aim: a deep elf zephyrmancer, wielding a +0 rapier The fireball explodes!
The fireball engulfs the deep elf zephyrmancer!!
The deep elf zephyrmancer is heavily wounded.
The fireball engulfs the deep elf pyromancer!
The deep elf pyromancer is heavily wounded.
The fireball engulfs the deep elf zephyrmancer!!
The deep elf zephyrmancer is severely wounded.
The deep elf zephyrmancer shouts!
You hear a shout!
The deep elf pyromancer gestures at you while chanting.
The sticky flame hits you!
You are covered in liquid flames!
A deep elf knight comes into view. It is wielding a +0 long sword.
Casting: Fireball (dangerous; 1% risk of failure)
Confirm with . or Enter, or press ? or * to list all spells.
Aiming: Iron Shot (dangerous; 3% risk of failure)
Press: ? - help, Shift-Dir - straight line, f - deep elf pyromancer, p - deep elf zephyrmancer
Aim: a deep elf pyromancer, wielding a +0 dagger (heavily wounded, 64% to hit)
The iron shot misses the deep elf zephyrmancer.
The iron shot misses the deep elf pyromancer.
You are covered in liquid flames!
The deep elf pyromancer gestures at you while chanting.
The bolt of fire hits you!!
Ouch! That really hurt!
* * * LOW HITPOINT WARNING * * *
The deep elf zephyrmancer mumbles some strange words.
The deep elf zephyrmancer blinks!
A deep elf zephyrmancer comes into view.
It is wielding a +0 short sword.
The deep elf zephyrmancer points at you and mumbles some strange words.
The bolt of lightning hits you! You resist.
* * * LOW HITPOINT WARNING * * *
You are covered in liquid flames!
* * * LOW HITPOINT WARNING * * *
The deep elf zephyrmancer gestures wildly while chanting.
The deep elf zephyrmancer blinks!
You climb upwards.
Welcome back to the Orcish Mines!
You are covered in liquid flames!
You die...

#..#....#..........#.............
#..#....#........................
#..#....#..........#.............
#..#...∩#....#....###.#.........)
#..######........#####..#........
..................#..............
...............................).
#....#####...................)..)
...#.## #...#..@.##..........)..
......# ##.###..####............
..##.## ####.#.## ###........).
..#### #.....# ###.#...#.. .##
### ##....# ###.##... ..#
###.#### #...## #...#...
..###......####.## ##.#....
..#.........##...# ####...
.#............#.## #...


There were no monsters in sight!

Vanquished Creatures
  A dire elephant (Lair:2)
  3 hydras
  Erolcha (D:10)
  Harold (D:7)
  2 two-headed ogres
  Nergalle (D:11)
  3 skeletal warriors
  A fire crab (shapeshifter) (D:13)
  8 orc knights (Orc:2)
  2 cyclopes (D:11)
  An orc sorcerer (Orc:2)
  A manticore (D:10)
  12 elephants (Lair:2)
  An ice statue (Lair:3)
  A black mamba (Lair:3)
  3 cane toads
  2 unseen horrors
  A komodo dragon (D:10)
  A kobold demonologist (D:8)
  An ice devil (Lair:3)
  A queen bee (D:10)
  3 trolls
  Prince Ribbit (D:6)
  A polar bear (Lair:3)
  Grinder (D:5)
  A spriggan (Lair:2)
  A shadow (D:10)
  9 yaks
  A wraith (D:11)
  2 wyverns
  A steam dragon (D:8)
  A basilisk (Lair:2)
  2 vampire mosquitoes (D:8)
  Menkaure (D:7)
  10 wargs
  An acid dragon (D:9)
  7 water moccasins
  Duvessa (D:7)
  36 orc warriors
  A sky beast (D:8)
  A black bear (D:4)
  8 ice beasts
  A necrophage (D:5)
  2 ogres
  2 centaurs (D:6)
  A phantom (D:5)
  An elf zombie (Ossuary)
  2 kobold brigands
  4 bullfrogs
  8 gnoll sergeants (Bailey)
  A scorpion (D:6)
  Dowan (D:7)
  7 wights (D:9)
  15 killer bees
  2 howler monkeys
  4 electric eels
  5 hounds
  A bullfrog zombie (D:7)
  7 centaur zombies
  A human zombie (Ossuary)
  6 gnoll shamans (Bailey)
  9 orc priests
  2 bullfrog skeletons
  A centaur skeleton (D:7)
  4 iguanas
  17 orc wizards
  A killer bee zombie (D:8)
  2 mummies (Ossuary)
  2 howler monkey zombies
  18 gnolls
  13 adders
  11 river rats (Sewer)
  A shadow imp (D:7)
  A white imp (D:6)
  An ufetubus (D:6)
  2 adder zombies (Ossuary)
  2 worms (D:5)
  2 dart slugs (D:2)
  71 orcs
  7 bats
  7 endoplasms
  A giant cockroach (D:2)
  3 goblins
  8 hobgoblins
  6 jackals
  13 kobolds
  6 quokkas
  13 ball pythons
  3 frilled lizards
  A goblin zombie (Ossuary)
  12 hobgoblin zombies (Ossuary)
  2 jackal zombies (Ossuary)
  8 kobold zombies (Ossuary)
  8 orc zombies (Ossuary)
  20 rats
  2 rat zombies (D:5)
489 creatures vanquished.

Vanquished Creatures (collateral kills)
  An elephant (Lair:2)
  41 foxfires
42 creatures vanquished.

Vanquished Creatures (others)
  1965 foxfires
  82 fungi
  93 plants
2140 creatures vanquished.

Grand Total: 2671 creatures vanquished

Notes
Turn   | Place    | Note
-------+----------+-------------------------------------------
     0 | D:1      | Descartes the Deep Elf Wanderer began the quest for the
                  | Orb.
     0 | D:1      | Descartes set off with the following items: a +0 dagger, a
                  | +0 robe, 2 potions of lignification; and the following
                  | spell memorised: Foxfire; and the following spells
                  | available to memorise: Conjure Flame, Inner Flame, Sticky
                  | Flame, Fireball
     0 | D:1      | Reached XP level 1. HP: 10/10 MP: 5/5
   447 | D:1      | Reached XP level 2. HP: 15/15 MP: 1/7
   507 | D:1      | Reached skill level 1 in Conjurations
   943 | D:1      | Found a faded altar of an unknown god.
  1369 | D:2      | You fall into a shaft and drop 2 floors!
  1678 | D:3      | Reached XP level 3. HP: 6/19 MP: 0/9
  2057 | D:3      | Reached XP level 4. HP: 24/24 MP: 1/10
  2369 | D:3      | Learned a level 1 spell: Sting
  2977 | D:2      | Reached skill level 1 in Poison Magic
  2977 | D:2      | Reached XP level 5. HP: 28/28 MP: 6/11
  3966 | D:4      | Noticed a black bear
  3977 | D:4      | Killed a black bear
  4087 | D:4      | Found a bloodstained altar of Trog.
  4089 | D:4      | Found a radiant altar of Vehumet.
  4150 | D:4      | Became a worshipper of Vehumet
  4156 | D:5      | Entered Level 5 of the Dungeon
  4160 | D:5      | Noticed a necrophage
  4164 | D:5      | Killed a necrophage
  4165 | D:5      | Reached XP level 6. HP: 32/32 MP: 4/12
  4166 | D:5      | Identified a scroll of acquirement
  4168 | D:5      | Acquired a +2 cloak of willpower
  4215 | D:5      | Reached skill level 5 in Fire Magic
  4295 | D:5      | Noticed Grinder
  4304 | D:5      | Killed Grinder
  4305 | D:5      | Reached XP level 7. HP: 18/36 MP: 3/13
  4384 | D:5      | Found a glowing drain.
  4393 | Sewer    | Entered a sewer
  4416 | Sewer    | Reached skill level 5 in Poison Magic
  4489 | Sewer    | Reached * piety under Vehumet
  4489 | Sewer    | Offered knowledge of Freeze by Vehumet.
  4638 | Sewer    | Reached ** piety under Vehumet
  4638 | Sewer    | Offered knowledge of Sandblast by Vehumet.
  4710 | D:5      | Found a sand-covered staircase.
  4718 | Ossuary  | Entered an ossuary
  4795 | Ossuary  | Learned a level 1 spell: Sandblast
  4829 | Ossuary  | Reached XP level 8. HP: 41/41 MP: 10/14
  5311 | Ossuary  | Offered knowledge of Searing Ray by Vehumet.
  5649 | Ossuary  | Reached *** piety under Vehumet
  6306 | D:5      | Found a shadowy altar of Dithmenos.
  6315 | D:5      | Found a hazy altar of Hepliaklqana.
  6408 | D:5      | Offered knowledge of Ignite Poison by Vehumet.
  6532 | D:5      | Reached skill level 1 in Earth Magic
  6768 | D:6      | Noticed Prince Ribbit
  6939 | D:6      | Learned a level 3 spell: Ignite Poison
  6944 | D:6      | Learned a level 4 spell: Olgreb's Toxic Radiance
  7348 | D:6      | Reached XP level 9. HP: 45/45 MP: 9/15
  7357 | D:6      | Reached skill level 1 in Transmutations
  7432 | D:6      | Identified the +6 falchion of Darkness {venom, rElec rPois}
  7478 | D:6      | Killed Prince Ribbit
  7707 | D:6      | Found a shimmering blue altar of Sif Muna.
  8137 | D:7      | Reached **** piety under Vehumet
  8352 | D:7      | Offered knowledge of Frozen Ramparts by Vehumet.
  8401 | D:7      | Noticed Menkaure
  8404 | D:7      | Killed Menkaure
  8407 | D:7      | Noticed Harold
  8428 | D:7      | Killed Harold
  8429 | D:7      | Reached skill level 1 in Air Magic
  8670 | D:7      | Noticed a two-headed ogre
  8693 | D:7      | Killed a two-headed ogre
  8694 | D:7      | Reached XP level 10. HP: 19/50 MP: 16/19
  8937 | D:7      | Found a staircase to the Ecumenical Temple.
  8953 | Temple   | Entered the Ecumenical Temple
  9020 | D:7      | Noticed Dowan
  9025 | D:7      | Killed Dowan
  9027 | D:7      | Noticed Duvessa
  9041 | D:7      | Killed Duvessa
  9240 | D:7      | Found Ezxiuxt's Jewellery Boutique.
  9262 | D:7      | Found an ornate altar of the Wu Jian Council.
  9680 | D:8      | Found a stormy altar of Qazlal.
  9707 | D:8      | Reached skill level 5 in Spellcasting
  9899 | D:8      | Learned a level 6 spell: Iron Shot
  9902 | D:8      | Learned a level 2 spell: Poisonous Vapours
  9952 | D:8      | Reached skill level 5 in Stealth
 11956 | D:9      | Reached skill level 5 in Dodging
 11956 | D:9      | Reached skill level 5 in Conjurations
 12051 | D:9      | Found a sacrificial altar of Ru.
 12102 | D:8      | Reached skill level 5 in Earth Magic
 12102 | D:8      | Reached skill level 5 in Evocations
 12620 | D:10     | Entered Level 10 of the Dungeon
 13017 | D:10     | You fall into a shaft and drop 3 floors!
 13100 | D:13     | Noticed an orb spider
 13100 | D:13     | a blink frog changed into an orb spider
 13104 | D:13     | Noticed a fire crab
 13104 | D:13     | an orb spider changed into a fire crab
 13112 | D:13     | Killed a fire crab
 13113 | D:13     | Reached XP level 11. HP: 18/54 MP: 12/20
 13347 | D:12     | Found a flagged portal.
 13356 | Bailey   | Entered a bailey
 14014 | Bailey   | Reached ***** piety under Vehumet
 14014 | Bailey   | Offered knowledge of Conjure Ball Lightning by Vehumet.
 15222 | D:10     | Found a staircase to the Lair.
 15371 | D:10     | Noticed Erolcha
 15375 | D:10     | Killed Erolcha
 15566 | D:10     | Reached skill level 5 in Transmutations
 16390 | Lair:1   | Entered Level 1 of the Lair of Beasts
 16538 | Lair:1   | Gained mutation: You are agile. (Dex +2) [potion of
                  | mutation]
 16539 | Lair:1   | Lost mutation: You are agile. (Dex +2) [potion of mutation]
 16539 | Lair:1   | Gained mutation: Your mind is acute. (Int +2) [potion of
                  | mutation]
 16539 | Lair:1   | Gained mutation: You are partially covered in iridescent
                  | scales. (AC +2) [potion of mutation]
 16539 | Lair:1   | Gained mutation: Your body sometimes deteriorates upon
                  | taking damage. [potion of mutation]
 16540 | Lair:1   | Lost mutation: Your body sometimes deteriorates upon taking
                  | damage. [potion of mutation]
 16540 | Lair:1   | Lost mutation: You are partially covered in iridescent
                  | scales. (AC +2) [potion of mutation]
 16540 | Lair:1   | Gained mutation: You are partially covered in iridescent
                  | scales. (AC +2) [potion of mutation]
 16540 | Lair:1   | Gained mutation: You are weak. (Str -2) [potion of
                  | mutation]
 16947 | Lair:1   | Noticed a four-headed hydra
 16968 | Lair:1   | Killed a four-headed hydra
 16969 | Lair:1   | Reached skill level 5 in Ice Magic
 17551 | D:7      | Bought the amulet "Macwen" {rElec rPois Regen+ Int+6} for
                  | 729 gold pieces
 18013 | Lair:2   | Noticed an eight-headed hydra
 18021 | Lair:2   | Killed an eight-headed hydra
 18184 | Lair:2   | Found a staircase to the Shoals.
 18324 | Lair:2   | Reached XP level 12. HP: 59/59 MP: 20/22
 18450 | Lair:2   | Identified the +1 ring mail of Polytheism {Str+3}
 18594 | Lair:2   | Noticed a dire elephant
 18600 | Lair:2   | Killed a dire elephant
 18601 | Lair:2   | Reached skill level 5 in Air Magic
 18738 | Lair:2   | Reached skill level 1 in Shields
 18957 | Lair:2   | Reached skill level 10 in Fire Magic
 19058 | Lair:2   | Learned a level 5 spell: Fireball
 19229 | Lair:3   | Noticed an eight-headed hydra
 19235 | Lair:3   | Killed an eight-headed hydra
 19278 | Lair:3   | Found a transporter.
 19325 | Lair:3   | Found a transporter.
 19348 | Lair:3   | Noticed a hell hog
 19349 | Lair:3   | Noticed Zurgh's ghost (journeyman OpAM)
 19720 | Lair:3   | Identified the +6 chain mail of Reyriyso {Rampage *Slow
                  | Dex+8}
 19816 | Lair:3   | Acquired the ring "Qauseyng" {+Blink rPois SInv}
 20052 | Lair:3   | Identified the +5 long sword of Slow Death {venom, rPois
                  | rN+ Str+4}
 22136 | D:11     | Noticed a two-headed ogre
 22139 | D:11     | Killed a two-headed ogre
 22337 | D:11     | Found a staircase to the Orcish Mines.
 22380 | Orc:1    | Entered Level 1 of the Orcish Mines
 22389 | Orc:1    | Noticed Nergalle
 22490 | D:11     | Reached XP level 13. HP: 63/63 MP: 14/25
 22561 | D:11     | Killed Nergalle
 22792 | Orc:1    | Found Renlemy's Gadget Gallery.
 23052 | Orc:1    | Offered knowledge of Yara's Violent Unravelling by Vehumet.
 23436 | Orc:2    | Entered Level 2 of the Orcish Mines
 23942 | Orc:2    | Reached skill level 10 in Poison Magic
 24022 | Orc:2    | Found a staircase to the Elven Halls.
 24715 | Orc:2    | Found Piochas's General Store.
 24715 | Orc:2    | Found Ipni's Distillery.
 24730 | Orc:2    | Bought a potion of degeneration for 16 gold pieces
 25158 | Orc:2    | Found Lydyff's Jewellery Emporium.
 25161 | Orc:2    | Reached skill level 10 in Conjurations
 25161 | Orc:2    | Found Jatyral's Magic Scroll Boutique.
 25269 | Orc:2    | Bought a scroll of identify for 20 gold pieces
 25269 | Orc:2    | Bought a scroll of magic mapping for 35 gold pieces
 25269 | Orc:2    | Bought a scroll of amnesia for 35 gold pieces
 25269 | Orc:2    | Bought a scroll of magic mapping for 35 gold pieces
 25269 | Orc:2    | Bought a scroll of identify for 20 gold pieces
 25412 | Elf:1    | Entered Level 1 of the Elven Halls
 25418 | Elf:1    | HP: 3/63 [burnt (6)]
 25419 | Orc:2    | Incinerated by a deep elf pyromancer

Illustrated notes

Levels and vault maps discovered:
D:1:      amcnicky_arrival_double_pillar, layout_basic,
          ebering_ecumenical_altar_box, serial_forest,
          infiniplex_forest_lined_room_3, infiniplex_forest_lined_2,
          infiniplex_forest_zigzag_1, infiniplex_forest_clump_small,
          infiniplex_forest_clump_double, kennysheep_boxes
D:2:      layout_basic
D:3:      layout_basic, minmay_misc_feat_tiny
D:4:      layout_loops_ring, grunt_temple_overflow_open
D:5:      layout_loops_ring, riverfiend_overflow_shadow_ancestor,
          gup_sewer_entry_bowl, enter_ossuary_4, uniq_grinder
D:6:      layout_basic, kennysheep_orc_sif_temple, minmay_misc_feat_rows,
          st_stairs_5, uniq_prince_ribbit1
D:7:      layout_cave_pools, pdpol_wu_jian_five_deadly_venoms,
          minmay_temple_entry_offerings, serial_park, serial_park_gazebo
          [serial_park_minivault_5x5_2], serial_park_square1
          [serial_park_minivault_5x5_7], serial_park_tiny_1,
          serial_park_tiny_pond, serial_park_square2, serial_park_tiny_pond,
          serial_shops, nicolae_lakefront_shop, dk_vineyard_2, uniq_duvessa,
          uniq_menkaure, uniq_harold
D:8:      layout_loops_corners, amcnicky_altar_gilded, minmay_starry_boxes
D:9:      layout_small_grid, mainiacjoe_overflow_surrounded_room
D:10:     layout_stronghold, david_lair_shrubbed, nicolae_looking_at_the_future,
          uniq_erolcha
D:11:     layout_loops_ring, orc_0_dummy
D:12:     layout_stronghold, enter_bailey_8
D:13:     layout_small_grid, grunt_vaults_entry_tiered, nicolae_uskayaw_suspiria
Temple:   eino_temple_lava
Lair:1:   layout_cave_pods, special_room, chequers_serial_rivers_small_b,
          infiniplex_staircase_pool
Lair:2:   mu_elephants_graveyard, layout_small_grid, elwin_shoals_entry_rooms
Lair:3:   layout_regular_city, gammafunk_ghost_abyssal_escape,
          hangedman_lair_unloving_vines, ice2_lemuel
Lair:4:   layout_gridlike, minmay_snake_entry_six_corridors, basic_altar,
          st_stairs_10, kennysheep_rathole
Orc:1:    layout_caves, nicolae_shop_gadgets, uniq_nergalle
Orc:2:    st_orc_town, layout_caves, nicolae_orc_flooded_monolith
Elf:1:    eino_elf_arrival_the_gate, layout_onion_city, minmay_elf_demonology,
          uniq_frances, uniq_louise

Skill      XL: |  1  2  3  4  5  6  7  8  9 10 11 12 13 |
---------------+----------------------------------------+-----
Spellcasting   | 2 3 4 5 7 |  7.9
Conjurations   | 1 2 3 4 5 7 9 10 | 10.0
Fire Magic     | 2 3 4 5 6 7 8 9 10 | 10.0
Poison Magic   | 1 3 4 6 7 8 9 10 | 10.0
Stealth        | 3 4 5 7 8 |  8.2
Earth Magic    | 2 3 5 7 9 |  9.9
Dodging        | 2 4 5 6 7 |  7.6
Evocations     | 2 3 5 6 |  6.3
Transmutations | 3 4 5 |  5.0
Ice Magic      | 2 4 5 |  5.0
Air Magic      | 1 3 4 5 |  5.0
Shields        | 2 3 |  3.3
Short Blades   | |  3.0
Throwing       | |  1.0

Action                   |  1- 3 |  4- 6 |  7- 9 | 10-12 | 13-15 || total
-------------------------+-------+-------+-------+-------+-------++-------
Melee: Dagger            |    19 |       |       |       |       ||    19
       Rapier            |       |       |    13 |       |       ||    13
       Falchion          |       |       |     4 |    28 |       ||    32
       Long sword        |       |       |       |     5 |     6 ||    11
 Cast: Foxfire           |   102 |   125 |   415 |   484 |    21 ||  1147
       Olgreb's Toxic Ra |       |       |       |    65 |    24 ||    89
       Poisonous Vapours |       |       |       |    33 |    34 ||    67
       Ignite Poison     |       |       |       |    58 |    51 ||   109
       Fireball          |       |       |       |    18 |    13 ||    31
       Iron Shot         |       |       |       |     9 |     8 ||    17
Evoke: Wand              |       |     5 |     9 |    12 |       ||    26
       Tin of tremorston |       |       |       |     1 |       ||     1
       Box of beasts     |       |       |       |     1 |       ||     1
       Phial of floods   |       |       |       |     1 |       ||     1
       Condenser vane    |       |       |       |     1 |       ||     1
  Use: Potion            |     4 |       |     4 |     7 |       ||    15
       Scroll            |       |    10 |     1 |    10 |     3 ||    24
Armor: Robe              |     1 |     3 |    34 |    15 |       ||    53
       Skin              |    21 |       |       |       |       ||    21
       Steam dragon scal |       |       |       |    55 |    10 ||    65
Dodge: Dodged            |    15 |     9 |    69 |   123 |    12 ||   228
       Rpst.: Falchion   |       |       |     2 |    28 |       ||    30
       Long sword        |       |       |       |    11 |     7 ||    18
